 Dungeon Sprint DCSS version 0.30-a0-913-g9934a0ce24 (webtiles) character file.

Game seed: 11263588263772893745

347 fozzywoppz the Fighter (level 6, -10/57 HPs)
             Began as a Formicid Fighter on Mar 19, 2023.
             Was a Follower of Okawaru.
             Mangled by a two-headed ogre
             ... wielding a +0 giant club
              (17 damage)
             ... in the Dungeon (Sprint IX: "|||||||||||||||||||||||||||||").
             The game lasted 00:02:12 (184 turns).

fozzywoppz the Fighter (Formicid Fighter)            Turns: 184, Time: 00:02:12

Health: -10/57     AC:  5    Str: 23    XL:     6   Next: 91%
Magic:  6/11       EV: 11    Int: 10    God:    Okawaru [*.....]
Gold:   0          SH:  5    Dex: 13    Spells: 5/5 levels left

rFire   . . .      SeeInvis +    a - +0 long sword
rCold   . . .      Faith    .    c - +0 buckler
rNeg    . . .      Spirit   .    m - +1 scale mail
rPois   .          Reflect  .    (helmet unavailable)
rElec   .          Rampage  .    (no cloak)
rCorr   .                        b - +0 pair of gloves
Will    .....                    (no boots) Stlth
                                 (no amulet)
HPRegen 0.29/turn                k - +2 ring of evasion
MPRegen 0.12/turn                l - +3 ring of intelligence

@: corroded
A: permanent stasis, dig shafts and tunnels, antennae 3, four strong arms
a: Dig, Renounce Religion, Heroism


You were in the Dungeon.
You worshipped Okawaru.
Okawaru was aware of your devotion.
You visited 1 branch

Inventory:

Hand Weapons
 a - a +0 long sword (weapon)
 n - a +2 scimitar of pain
Armour
 b - a +0 pair of gloves (worn)
 c - a +0 buckler (worn)
 m - a +1 scale mail (worn)
Jewellery
 k - a +2 ring of evasion (left hand)
 l - a +3 ring of intelligence (right hand)
Wands
 j - a wand of light (8)
Scrolls
 h - 2 scrolls of blinking
 i - 2 scrolls of amnesia
Potions
 d - a potion of invisibility
 e - 5 potions of curing
 g - 4 potions of magic


   Skills:
 + Level 8.8 Fighting
 + Level 7.7 Long Blades
 - Level 5.7 Armour
 - Level 6.9 Shields
 + Level 7.0 Invocations


You had 5 spell levels left.
You didn't know any spells.
Your spell library was empty.

Dungeon Overview and Level Annotations

Branches:
Dungeon (1/1)

Altars:
Cheibriados
Dithmenos
Elyvilon
Fedhas
Gozag
Hepliaklqana
Kikubaaqudgha
Makhleb
Nemelex Xobeh
Okawaru
Qazlal
Ru
Sif Muna
Trog
Uskayaw
Vehumet
Wu Jian
Xom
Yredelemnul
Zin
The Shining One
Jiyva
Lugonu


Innate Abilities, Weirdness & Mutations

You cannot be hasted, slowed, berserked, paralysed or teleported.
You can dig through walls and to a lower floor.
You have a pair of large antennae on your head. (SInv)
Your four strong arms can wield two-handed weapons with a shield.


Message History

The acid dragon spits acid at you. The splash of acid hits you!!
* * * LOW HITPOINT WARNING * * *
Unknown command.
You feel much better. The acid dragon bites you. The acid dragon claws you.
You slash the acid dragon!
You kill the acid dragon!
Okawaru is honoured by your kill.
You can now gain great but temporary skills.
Your Fighting skill increases to level 8!
Your Long Blades skill increases to level 7!
Your Invocations skill gained 2 levels and is now at level 7!
You hit the two-headed ogre.
The two-headed ogre is lightly wounded.
The two-headed ogre misses you.
The two-headed ogre hits you with a +0 giant club!!
* * * LOW HITPOINT WARNING * * *
Unknown command.
Aiming: Bolt of Light
Press: ? - help, Shift-Dir - straight line, f - two-headed ogre
Aim: a two-headed ogre, wielding two +0 giant clubs (lightly wounded, 86% to hit)
The bolt of light hits the two-headed ogre!
The two-headed ogre is moderately wounded.
The two-headed ogre is blinded.
The bolt of light hits the howler monkey!
The howler monkey is severely wounded.
The howler monkey is blinded.
The bolt of light hits the yak!
The yak is lightly wounded.
The yak is blinded.
The howler monkey hoots and howls with incredible vigour!
You feel much better.
The two-headed ogre hits you with a +0 giant club!
* * * LOW HITPOINT WARNING * * *
You block the two-headed ogre's attack.
You barely miss the two-headed ogre.
The two-headed ogre is moderately wounded.
The two-headed ogre hits you with a +0 giant club!
* * * LOW HITPOINT WARNING * * *
The two-headed ogre hits you with a +0 giant club!
You die...

{
▓.▓
{
▓.▓
{
▓)▓
{
▓.▓
{
▓[▓
{
▓.▓
{
▓[▓
{
▓.▓
▓@▓
▓O▓
▓h▓
▓Y▓
▓.▓
▓.▓
▓.▓
▓.▓
▓+▓


You could see a two-headed ogre (blind), a yak (blind) and a howler monkey
(blind).

Vanquished Creatures
  An acid dragon (D)
  A gnoll sergeant (D)
  2 hounds (D)
  An iguana (D)
  2 orcs (D)
  2 goblins (D)
  2 ball pythons (D)
  A rat (D)
12 creatures vanquished.

Vanquished Creatures (others)
  A wyvern (D)
1 creature vanquished.

Grand Total: 13 creatures vanquished

Notes
Turn   | Place    | Note
-------+----------+-------------------------------------------
     0 | D        | fozzywoppz the Formicid Fighter began the quest for the
                  | Orb.
     0 | D        | Reached XP level 1. HP: 18/18 MP: 1/1
    31 | D        | Noticed an iguana
    31 | D        | Noticed a hound
    31 | D        | Noticed a hound
    33 | D        | Killed an iguana
    34 | D        | Reached skill level 4 in Fighting
    34 | D        | Reached skill level 5 in Shields
    34 | D        | Reached XP level 2. HP: 25/26 MP: 2/2
    34 | D        | Reached XP level 3. HP: 29/31 MP: 3/3
    38 | D        | Reached skill level 5 in Fighting
    38 | D        | Reached skill level 5 in Armour
    38 | D        | Reached XP level 4. HP: 35/39 MP: 4/4
    52 | D        | Found a snail-covered altar of Cheibriados.
    52 | D        | Found a shadowy altar of Dithmenos.
    52 | D        | Found a white marble altar of Elyvilon.
    52 | D        | Found a blossoming altar of Fedhas.
    52 | D        | Found an opulent altar of Gozag.
    53 | D        | Found a hazy altar of Hepliaklqana.
    54 | D        | Found a viscous altar of Jiyva.
    55 | D        | Found an ancient bone altar of Kikubaaqudgha.
    56 | D        | Found a corrupted altar of Lugonu.
    57 | D        | Found a burning altar of Makhleb.
    58 | D        | Found a sparkling altar of Nemelex Xobeh.
    59 | D        | Found an iron altar of Okawaru.
    60 | D        | Found a stormy altar of Qazlal.
    61 | D        | Found a sacrificial altar of Ru.
    62 | D        | Found a shimmering blue altar of Sif Muna.
    63 | D        | Found a bloodstained altar of Trog.
    64 | D        | Found a hide-covered altar of Uskayaw.
    65 | D        | Found a radiant altar of Vehumet.
    66 | D        | Found an ornate altar of the Wu Jian Council.
    67 | D        | Found a shimmering altar of Xom.
    68 | D        | Found a basalt altar of Yredelemnul.
    69 | D        | Found a glowing silver altar of Zin.
    70 | D        | Found a glowing golden altar of the Shining One.
   138 | D        | Became a worshipper of Warmaster Okawaru
   160 | D        | Noticed a gnoll sergeant
   160 | D        | Noticed a wyvern
   160 | D        | Noticed an acid dragon
   160 | D        | Noticed a two-headed ogre
   160 | D        | Noticed a yak
   163 | D        | Killed a wyvern
   164 | D        | Reached skill level 7 in Fighting
   164 | D        | Reached XP level 5. HP: 42/48 MP: 4/8
   170 | D        | Reached skill level 5 in Invocations
   170 | D        | Reached XP level 6. HP: 46/56 MP: 4/10
   179 | D        | Killed an acid dragon
   179 | D        | Reached * piety under Okawaru
   180 | D        | Reached skill level 8 in Fighting
   184 | D        | Mangled by a two-headed ogre

Illustrated notes

Levels and vault maps discovered:
D:        linesprint [early_d, line_temple, items_1, d_10, items_2, lair_1,
          lair_end, items_3, orc_1, orc_end, items_4, d_15, swamp_1, shoals_1,
          snake_1, spider_1, d_20, vaults_1, items_5, swamp_end, shoals_end,
          snake_end, spider_end, vaults_end, d_27, items_6, zot_1, zot_end,
          crypt_end, forest_end, elf_end, slime_end, tomb_end, abyss_end,
          pan_hell_end]

Skill      XL: |  1  2  3  4  5  6 |
---------------+-------------------+-----
Fighting       | 4 5 7 8 |  8.8
Long Blades    | 3 4 6 7 |  7.7
Armour         | 4 5 |  5.7
Shields        | 5 6 |  6.9
Invocations    | 4 5 7 |  7.0

Action                     |  1- 3 |  4- 6 || total
---------------------------+-------+-------++-------
  Melee: Long sword        |    26 |    23 ||    49
  Evoke: Wand              |       |     2 ||     2
    Use: Potion            |     1 |     3 ||     4
 Armour: Scale mail        |    15 |     5 ||    20
  Dodge: Dodged            |     6 |     9 ||    15
  Block: Buckler           |     5 |    10 ||    15

Table legend: (Time is in decaauts)
 A = Elapsed time spent in this place.
 B = Non-inter-level travel time spent in this place.
 C = Inter-level travel time spent in this place.
 D = Time resting spent in this place.
 E = Time spent auto-exploring this place.
 F = Levels seen in this place.
 G = Mean time per level.
                   A        B        C        D        E       F      G
               +--------+--------+--------+--------+--------+-----+--------+
         Total |    193 |    193 |      0 |      0 |      0 |   1 |  193.0 |
       Dungeon |    193 |    193 |      0 |      0 |      0 |   1 |  193.0 |
               +--------+--------+--------+--------+--------+-----+--------+

Top non-repeatable levels by time:
       D: 193 daAuts
